 Dungeon Crawl Stone Soup version 0.18-a0-1405-g73f4075 (webtiles) character file.

3500 hairmachine the Grappler (level 9, -9/133 HPs)
             Began as a Troll Monk on Feb 24, 2016.
             Was an Elder of Makhleb.
             Engulfed by a smoke demon's steam (10 damage)
             ... summoned by the player character
             ... on level 8 of the Dungeon.
             The game lasted 00:32:27 (6024 turns).

hairmachine the Grappler (Troll Monk)               Turns: 6024, Time: 00:32:28

Health: -9/133     AC: 24    Str: 23    XL:     9   Next: 80%
Magic:  20/20      EV:  1    Int:  6    God:    Makhleb [****..]
Gold:   419        SH:  0    Dex: 13    Spells: 0 memorised, 8 levels left

rFire  . . .     SeeInvis .       - Unarmed
rCold  . . .     Gourm    +     (armour currently unavailable)
rNeg   + + +     Faith    .     (no shield)
rPois  +         Spirit   .     (helmet currently unavailable)
rElec  .         Dismiss  .     (cloak currently unavailable)
rCorr  .         Reflect  .     (gloves unavailable)
SustAt .         Harm     .     (boots unavailable)
MR     .....     NoTele   +     (no amulet)
Stlth  +++.......               E - ring of stealth
                                y - ring of magical power

@: tree-form, not resistant to hostile enchantments, fairly stealthy
A: unfitting armour, (claws 0), fast metabolism 3, gourmand, regeneration 2,
(shaggy fur 0), (tough skin 0)
a: Minor Destruction, Lesser Servant of Makhleb, Major Destruction, Renounce
Religion


You were on level 8 of the Dungeon.
You worshipped Makhleb.
Makhleb was greatly pleased with you.
You were very full.
You were a tree.
You visited 1 branch of the dungeon, and saw 8 of its levels.

You collected 419 gold pieces.

Inventory:

Missiles
 m - 231 stones (quivered)
Armour
 a - a +0 robe (melded)
 r - a +0 cloak (melded)
Jewellery
 k - an uncursed ring of flight
 y - a ring of magical power (left branch)
 E - a ring of stealth (right branch)
 G - an uncursed ring of sustain attributes
Wands
 g - a wand of slowing (28/48)
 v - a wand of confusion (5/48)
 D - a wand of lightning (9/15)
 H - a wand of teleportation (0/9)
Scrolls
 d - 2 scrolls of remove curse
 h - a scroll of amnesia
 j - a scroll of enchant weapon {unknown}
 l - a scroll of teleportation {unknown}
 p - 2 scrolls of fear {unknown}
 q - 3 scrolls of identify
 t - 3 scrolls of magic mapping {unknown}
 z - 2 scrolls of enchant armour {unknown}
 A - 5 scrolls of immolation {unknown}
 B - a scroll of fog {unknown}
Potions
 c - 3 potions of lignification
 e - 2 potions of cure mutation
 u - a potion of flight {unknown}
 w - 2 potions of curing
 F - a potion of invisibility {unknown}
 I - a potion of ambrosia {unknown}
Books
 C - a book of Air

   Spells                             Type                      Level
   a - Shock                          Conjuration/Air              1
   b - Swiftness                      Charms/Air                   2
   c - Repel Missiles                 Charms/Air                   2
   d - Static Discharge               Conjuration/Air              3
   e - Lightning Bolt                 Conjuration/Air              5
Comestibles
 b - 5 bread rations
 n - 2 meat rations
 o - 2 slices of pizza
 s - 11 royal jellies
 x - a beef jerky


   Skills:
 + Level 5.9 Fighting
 + Level 5.1 Dodging
 - Level 1.1 Stealth
 + Level 10.6 Unarmed Combat
 - Level 4.7 Invocations


You had 8 spell levels left.
You didn't know any spells.

Dungeon Overview and Level Annotations

Branches:
Dungeon (8/15)             Temple (0/1) D:7            Lair (0/8) D:8

Altars:
Cheibriados
Elyvilon
Fedhas
Kikubaaqudgha
Makhleb
Okawaru
Qazlal
Ru
Trog
The Shining One

Shops:
D:8 [(=


Innate Abilities, Weirdness & Mutations

You are too large for most types of armour.
((You have claws for hands.))
Your metabolism is lightning-fast.
You like to eat raw meat.
You heal very quickly.
((Your thick and shaggy fur keeps you warm (AC +3, rC+).))
((You have very tough skin (AC +2).))


Message History

The orc warrior closely misses you.
All of the chunks of flesh in your inventory have rotted away.
Drink which item? (? for menu, Esc to quit)
You turn into a tree.
Your +0 cloak melds into your body.
Your +0 robe melds into your body.
Your roots penetrate the ground.
The smoke demon gestures at you.
Helpless, you fail to dodge the ball of steam.
The orc warrior hits you from afar with a glaive!
* * * LOW HITPOINT WARNING * * *
The two-headed ogre hits you with a great mace.
* * * LOW HITPOINT WARNING * * *
The two-headed ogre hits you but does no damage.
Press: ? - help, Shift-Dir - straight line, f/p - two-headed ogre
Aim: a two-headed ogre, wielding a great mace and a giant club (heavily wounded)
You hear a mighty clap of thunder!
The bolt of lightning hits the two-headed ogre.
The two-headed ogre is severely wounded.
The tree burns like a torch!
You feel somewhat less full.
You are engulfed in a cloud of scalding steam.
You die...

#......#.#...### #.......#...#
#.#.##.#....... #####.###...#
#.#..........## ######.###....
# ####.#...... ...............
#.####.##..####.#######.......
#.....∩.........# #.......
#######.####.#### ####.... #.#
#..# #...# #.# ###♣#### #...#
#.###)(O3..### ##.##
#.##.)(.o....# #.##
#.#..([.......# #.##
#.#...)........ #. #
#.+....§♣♣♣♣... #.).♣.. ...
#....♣. .. #...


You could see a smoke demon, a two-headed ogre and an orc warrior.

Vanquished Creatures
  An elephant (D:8)
  The ghost of Amnesiac the Changer, a novice DrTm (D:5)
  Sigmund (D:4)
  2 orc warriors (D:6)
  A sky beast (D:6)
  An ice beast (D:7)
  An ogre (D:5)
  2 centaurs (D:8)
  Blork the orc (D:4)
  2 giant frogs
  2 big kobolds (D:8)
  A scorpion (D:5)
  7 wights (D:7)
  A centaur zombie (D:7)
  3 hounds
  3 crimson imps
  A quasit (D:7)
  A centaur skeleton (D:7)
  4 jellies (D:8)
  3 orc priests
  8 orc wizards
  An iguana (D:6)
  4 worker ants
  A killer bee zombie (D:5)
  2 sheep (D:8)
  A howler monkey zombie (D:6)
  Robin (D:3)
  8 gnolls (D:7)
  7 adders
  6 oozes
  2 worms
  2 dart slugs
  4 giant geckos
  31 orcs
  A ball python (D:3)
  9 bats
  A giant cockroach (D:5)
  29 goblins
  11 hobgoblins
  18 jackals
  18 kobolds
  6 quokkas
  2 giant gecko skeletons
  8 giant newts
  5 rats
225 creatures vanquished.

Vanquished Creatures (collateral kills)
  A gnoll sergeant (D:7)
  2 wights (D:7)
  A crimson imp (D:7)
  2 gnolls (D:7)
  A giant gecko (D:7)
7 creatures vanquished.

Grand Total: 232 creatures vanquished

Notes
Turn   | Place    | Note
--------------------------------------------------------------
     0 | D:1      | hairmachine the Troll Monk began the quest for the Orb.
     0 | D:1      | Reached XP level 1. HP: 22/22 MP: 0/0
   192 | D:1      | Reached XP level 2. HP: 29/29 MP: 1/1
   519 | D:1      | Reached XP level 3. HP: 35/37 MP: 2/2
   945 | D:2      | Reached XP level 4. HP: 34/46 MP: 3/3
  1394 | D:3      | Noticed Robin
  1399 | D:3      | Killed Robin
  1399 | D:3      | Reached skill level 5 in Unarmed Combat
  1441 | D:3      | Reached XP level 5. HP: 43/53 MP: 4/4
  1782 | D:3      | Reached skill level 6 in Unarmed Combat
  2339 | D:4      | Reached XP level 6. HP: 50/61 MP: 5/5
  2446 | D:4      | Noticed Sigmund
  2453 | D:4      | Killed Sigmund
  2453 | D:4      | Reached skill level 7 in Unarmed Combat
  2462 | D:4      | Noticed Blork the orc
  2464 | D:4      | Found a stormy altar of Qazlal.
  2484 | D:4      | Killed Blork the orc
  2484 | D:4      | Reached XP level 7. HP: 49/67 MP: 6/6
  2560 | D:4      | Found a snail-covered altar of Cheibriados.
  2921 | D:4      | Found a burning altar of Makhleb.
  2922 | D:4      | Found a snail-covered altar of Cheibriados.
  2922 | D:4      | Found an iron altar of Okawaru.
  3052 | D:4      | Became a worshipper of Makhleb the Destroyer
  3052 | D:4      | Reached * piety under Makhleb
  3052 | D:4      | Reached ** piety under Makhleb
  3140 | D:5      | Entered Level 5 of the Dungeon
  3145 | D:5      | Reached skill level 8 in Unarmed Combat
  3230 | D:5      | Reached skill level 1 in Invocations
  3261 | D:5      | Noticed Amnesiac's ghost (novice DrTm)
  3512 | D:5      | Found a burning altar of Makhleb.
  3688 | D:5      | Found an ancient bone altar of Kikubaaqudgha.
  3689 | D:5      | Found a blossoming altar of Fedhas.
  3743 | D:5      | Killed Amnesiac's ghost
  3743 | D:5      | Reached XP level 8. HP: 20/79 MP: 9/9
  4067 | D:5      | Found a glowing golden altar of the Shining One.
  4187 | D:6      | Reached skill level 9 in Unarmed Combat
  4290 | D:6      | Reached skill level 5 in Fighting
  4706 | D:6      | Reached *** piety under Makhleb
  4767 | D:6      | Found a sacrificial altar of Ru.
  5134 | D:7      | Reached XP level 9. HP: 74/88 MP: 11/11
  5360 | D:7      | Found a white marble altar of Elyvilon.
  5379 | D:7      | Found a staircase to the Ecumenical Temple.
  5432 | D:7      | Reached **** piety under Makhleb
  5560 | D:7      | Gained mutation: You are covered in thick fur (AC +2). [potion of beneficial mutation]
  5561 | D:7      | Gained mutation: Your thick and shaggy fur keeps you warm (AC +3, rC+). [potion of beneficial mutation]
  5577 | D:8      | Found Wesmiall's Jewellery Emporium.
  5586 | D:8      | Noticed an elephant
  5611 | D:8      | Reached skill level 10 in Unarmed Combat
  5621 | D:8      | Found a staircase to the Lair.
  5641 | D:8      | Killed an elephant
  5678 | D:8      | Found Virobbe's Antique Weapon Boutique.
  5822 | D:8      | Found a bloodstained altar of Trog.
  5911 | D:8      | Reached skill level 5 in Dodging
  5987 | D:8      | Found Kena's Antique Armour Shop.
  6024 | D:8      | Engulfed by a smoke demon's steam

Vault maps used:
D:1:      minmay_arrival_shattered_statue
D:3:      corexii_shack_village, minmay_box_of_dots, uniq_robin
D:4:      nicolae_qazlal_general_emergency, grunt_temple_overflow_open,
          serial_park_tiny_1, cheibriados_altar_wand_db, uniq_sigmund,
          uniq_blork_the_orc
D:5:      grunt_temple_overflow_growth_and_decay, kennysheep_little_box,
          first_bread, bloody_makhleb
D:6:      nicolae_overflow_hidden_temple, kennysheep_generic_room_9
D:7:      overflow_temple_1_default, minmay_temple_entry_overgrown,
          serial_curves, eino_curves_03, eino_curves_03
D:8:      overflow_temple_1_default, david_lair_generic, serial_shops, shop,
          nicolae_shop_behind_doors, shop, hangedman_little_slice_of_home,
          kennysheep_potato, uniq_joseph

Skill      XL: |  1  2  3  4  5  6  7  8  9 |
---------------+----------------------------+-----
Fighting       | 3 4 5 |  5.9
Unarmed Combat | 5 6 7 8 9 10 | 10.6
Invocations    | 2 4 |  4.7
Dodging        | 3 5 |  5.1
Stealth        | |  1.1

Action                   |  1- 3 |  4- 6 |  7- 9 || total
-------------------------+-------+-------+-------++-------
Melee: Unarmed           |   115 |   176 |   327 ||   618
Throw: Stone             |       |     4 |     3 ||     7
Invok: Minor Destruction |       |       |    20 ||    20
       Lesser Servant of |       |       |     2 ||     2
       Major Destruction |       |       |     2 ||     2
Evoke: Wand              |       |       |     2 ||     2
  Use: Scroll            |       |     3 |     5 ||     8
       Potion            |       |       |     4 ||     4
 Stab: Sleeping          |     1 |     2 |     4 ||     7
  Eat: Chunk             |    14 |    14 |    33 ||    61
